| TOP OF THE 1ST |
|
Kingsport Mets batting - Pitching for Washington (APP) Nationals : LHP Danny Juarez
|
|
Pitching: LHP Danny Juarez
|
|
|
Batting: LHB Randolph Brodbeck
|
0-0: Foul Ball, location: 2F 0-1: Ball 1-1: Swinging Strike 1-2: Ball 2-2: Ball 3-2: Base on Balls
|
|
Batting: RHB Warren Carmichael
|
Balk! Randolph Brodbeck to second 0-0: Ground out 6-3 (Groundball, 56, EV 96.9 MPH)
|
|
Batting: RHB Eric Zylstra
|
0-0: DOUBLE (Line Drive, 89D, EV 106.9 MPH) Randolph Brodbeck scores
|
|
Batting: RHB Juan Medina
|
0-0: Called Strike 0-1: Foul Ball, location: 2F 0-2: Ball 1-2: Strikes out swinging, 2-3 out at first.
|
|
Batting: RHB Artyom Shavkunov
|
0-0: TRIPLE (Flyball, 78XD, EV 98.1 MPH) Eric Zylstra scores
|
|
Pinch Runner at 3rd Jim Freels:
|
|
|
Batting: SHB Josh Thomson
|
0-0: Foul Ball, location: 2F 0-1: SINGLE (Groundball, 6M, EV 100.0 MPH) Jim Freels scores
|
|
Batting: RHB Chris Artz
|
0-0: Ball Josh Thomson steals 2nd base 1-0: Foul Ball, location: 2F 1-1: Ball 2-1: Ball 3-1: Base on Balls
|
|
Batting: RHB Craig Alvarado
|
0-0: Called Strike 0-1: Foul Ball, location: 2F 0-2: Foul Ball, location: 2F 0-2: Ball 1-2: SINGLE (Groundball, 6MD, EV 103.8 MPH) Josh Thomson to third Chris Artz to second Runner from 3rd tries for Home, SAFE, throw by CF to home
|
|
Batting: LHB Rick Vallis
|
0-0: Ball 1-0: Swinging Strike 1-1: Called Strike 1-2: Foul Ball, location: 2F 1-2: Foul Ball, location: 2F 1-2: Strikes out swinging
|
| Top of the 1st over - 4 runs, 4 hits, 0 errors, 2 left on base; Kingsport 4 - Washington (APP) 0 |
| BOTTOM OF THE 1ST |
|
Washington (APP) Nationals batting - Pitching for Kingsport Mets : LHP Ronnie Stoll
|
|
Pitching: LHP Ronnie Stoll
|
|
|
Now at 1B: Warren Carmichael
|
|
|
Now at 3B: Dan Muse
|
|
|
Batting: RHB Billy Williamson
|
0-0: Called Strike 0-1: Foul Ball, location: 2F 0-2: Ball 1-2: Foul Ball, location: 2F 1-2: Ball 2-2: Fly out, F8 (Line Drive, 8LM, EV 91.2 MPH)
|
|
Batting: RHB Jess Thomas
|
0-0: Called Strike 0-1: Called Strike 0-2: Ball 1-2: Foul Ball, location: 2F 1-2: Ball 2-2: Ball 3-2: Ground out 5-3 (Groundball, 56S, EV 85.6 MPH)
|
|
Batting: LHB Carlos Guadarrama
|
0-0: Fly out, F7 (Flyball, 7LM, EV 78.8 MPH)
|
| Bottom of the 1st over - 0 runs, 0 hits, 0 errors, 0 left on base; Kingsport 4 - Washington (APP) 0 |
| TOP OF THE 2ND |
|
Kingsport Mets batting - Pitching for Washington (APP) Nationals : LHP Danny Juarez
|
|
Batting: LHB Randolph Brodbeck
|
0-0: Fly out, F4 (Flyball, 34D, EV 85.6 MPH)
|
|
Batting: RHB Warren Carmichael
|
0-0: Ball 1-0: DOUBLE (Line Drive, 8RXD, EV 101.9 MPH)
|
|
Batting: RHB Eric Zylstra
|
0-0: Ball 1-0: Called Strike 1-1: Swinging Strike 1-2: Ball 2-2: Foul Ball, location: 2F 2-2: Fly out, F9 (Flyball, 89D, EV 102.5 MPH) Runner from 2nd tags up, SAFE at 3rd, no throw by RF
|
|
Batting: RHB Juan Medina
|
0-0: Called Strike 0-1: Ball 1-1: Foul Ball, location: 2F 1-2: Ball 2-2: 2-RUN HOME RUN (Flyball, 78XD, EV 112.5 MPH), Distance : 426 ft
|
|
Batting: RHB Dan Muse
|
0-0: Called Strike 0-1: Ball 1-1: Foul Ball, location: 2F 1-2: Foul Ball, location: 2F 1-2: Ball 2-2: Ground out 6-3 (Groundball, 6, EV 88.1 MPH)
|
| Top of the 2nd over - 2 runs, 2 hits, 0 errors, 0 left on base; Kingsport 6 - Washington (APP) 0 |
| BOTTOM OF THE 2ND |
|
Washington (APP) Nationals batting - Pitching for Kingsport Mets : LHP Ronnie Stoll
|
|
Batting: RHB Akira Ishihara
|
0-0: Ball 1-0: DOUBLE (Flyball, 78D, EV 90.6 MPH)
|
|
Pitching: RHP Justin Vallis
|
|
|
Batting: SHB John Husson
|
0-0: Ground out 4-3 (Groundball, 4, EV 105.0 MPH) Akira Ishihara to third
|
|
Batting: RHB Armando Moreno
|
0-0: Ball 1-0: Called Strike 1-1: Foul Ball, location: 2F 1-2: Strikes out looking
|
|
Batting: SHB Tim Schulz
|
0-0: Ball 1-0: Ball 2-0: Called Strike 2-1: Called Strike 2-2: Strikes out swinging
|
| Bottom of the 2nd over - 0 runs, 1 hit, 0 errors, 1 left on base; Kingsport 6 - Washington (APP) 0 |
| TOP OF THE 3RD |
|
Kingsport Mets batting - Pitching for Washington (APP) Nationals : LHP Danny Juarez
|
|
Pitching: RHP Ramiro Ramirez
|
|
|
Batting: SHB Josh Thomson
|
0-0: Ball 1-0: Ball 2-0: Ball 3-0: Called Strike 3-1: SINGLE (Groundball, 5S, EV 71.9 MPH) (infield hit)
|
|
Batting: RHB Chris Artz
|
0-0: Foul Ball, location: 2F 0-1: Ground out 6-3 (Groundball, 56D, EV 103.8 MPH) Josh Thomson to second
|
|
Batting: RHB Craig Alvarado
|
0-0: Ball 1-0: Foul Ball, location: 2F 1-1: Ball 2-1: Foul Ball, location: 2F 2-2: Foul Ball, location: 2F 2-2: Foul Ball, location: 2F 2-2: Foul Ball, location: 2F 2-2: Ball Wild Pitch! Josh Thomson to third 3-2: Base on Balls
|
|
Batting: LHB Rick Vallis
|
0-0: Ball 1-0: Ball 2-0: Foul Ball, location: 2F 2-1: Ball 3-1: Foul Ball, location: 2F 3-2: Strikes out swinging
|
|
Batting: LHB Randolph Brodbeck
|
0-0: Reached on error, E1 (Groundball, 25, EV 65.0 MPH) Josh Thomson scores Craig Alvarado to third
|
|
Batting: RHB Warren Carmichael
|
0-0: Ball 1-0: SINGLE (Line Drive, 56D, EV 108.1 MPH) Craig Alvarado scores Randolph Brodbeck to third
|
|
Batting: RHB Eric Zylstra
|
0-0: Ball 1-0: Ball 2-0: Foul Ball, location: 2F 2-1: SINGLE (Groundball, 56D, EV 103.1 MPH) Randolph Brodbeck scores Warren Carmichael to second
|
|
Batting: RHB Juan Medina
|
0-0: Ball 1-0: SINGLE (Line Drive, 34D, EV 95.0 MPH) Warren Carmichael to third Eric Zylstra to second Runner from 3rd tries for Home, SAFE, throw by RF to home
|
|
Pitching: RHP Seth Wright
|
|
|
Batting: RHB Dan Muse
|
0-0: Hit by Pitch Eric Zylstra to third Juan Medina to second
|
|
Batting: SHB Josh Thomson
|
0-0: Ball 1-0: Ball 2-0: Ball 3-0: Base on Balls Eric Zylstra scores Juan Medina to third Dan Muse to second
|
|
Batting: RHB Chris Artz
|
0-0: Foul Ball, location: 2F 0-1: Ball 1-1: Ball 2-1: Swinging Strike 2-2: Ball 3-2: Base on Balls Juan Medina scores Dan Muse to third Josh Thomson to second
|
|
Batting: RHB Craig Alvarado
|
0-0: Called Strike 0-1: Ball 1-1: Fly out, F9 (Flyball, 9S, EV 92.5 MPH)
|
| Top of the 3rd over - 6 runs, 4 hits, 1 error, 3 left on base; Kingsport 12 - Washington (APP) 0 |
| BOTTOM OF THE 3RD |
|
Washington (APP) Nationals batting - Pitching for Kingsport Mets : RHP Justin Vallis
|
|
Batting: RHB Alex Gonzalez
|
0-0: Fly out, F8 (Line Drive, 8RD, EV 98.8 MPH)
|
|
Batting: RHB Ivan Torres
|
0-0: Called Strike 0-1: Ball 1-1: Ground out 6-3 (Groundball, 6, EV 108.1 MPH)
|
|
Batting: RHB Billy Williamson
|
0-0: Called Strike 0-1: Called Strike 0-2: Ball 1-2: Foul Ball, location: 2F 1-2: Ball 2-2: Ball 3-2: Foul Ball, location: 2F 3-2: Ground out 6-3 (Groundball, 6, EV 109.4 MPH)
|
| Bottom of the 3rd over - 0 runs, 0 hits, 0 errors, 0 left on base; Kingsport 12 - Washington (APP) 0 |
| TOP OF THE 4TH |
|
Kingsport Mets batting - Pitching for Washington (APP) Nationals : RHP Seth Wright
|
|
Batting: LHB Rick Vallis
|
0-0: Ball 1-0: Ball 2-0: Ground out 6-3 (Groundball, 6, EV 83.1 MPH)
|
|
Batting: LHB Randolph Brodbeck
|
0-0: Ground out 1-3 (Groundball, 34S, EV 67.5 MPH)
|
|
Batting: RHB Warren Carmichael
|
0-0: Called Strike 0-1: Ball 1-1: SINGLE (Groundball, 4MD, EV 105.6 MPH)
|
|
Batting: RHB Eric Zylstra
|
0-0: Ball 1-0: Ball 2-0: Swinging Strike 2-1: Ball 3-1: Swinging Strike 3-2: Ground out 5-3 (Groundball, 56, EV 82.5 MPH)
|
| Top of the 4th over - 0 runs, 1 hit, 0 errors, 1 left on base; Kingsport 12 - Washington (APP) 0 |
| BOTTOM OF THE 4TH |
|
Washington (APP) Nationals batting - Pitching for Kingsport Mets : RHP Justin Vallis
|
|
Batting: RHB Jess Thomas
|
0-0: TRIPLE (Flyball, 89XD, EV 91.9 MPH)
|
|
Batting: LHB Carlos Guadarrama
|
0-0: Swinging Strike 0-1: SINGLE (Groundball, 6MD, EV 102.5 MPH) Jess Thomas scores
|
|
Batting: RHB Akira Ishihara
|
0-0: Called Strike Carlos Guadarrama steals 2nd, throwing error, E2 Carlos Guadarrama to third 0-1: Foul Ball, location: 2F 0-2: Strikes out swinging
|
|
Batting: SHB John Husson
|
0-0: Ball 1-0: Ground out 5-3 (Groundball, 56S, EV 78.1 MPH) Carlos Guadarrama scores
|
|
Batting: RHB Armando Moreno
|
0-0: Ball 1-0: Foul Ball, location: 2F 1-1: Foul Ball, location: 2F 1-2: Ball 2-2: Strikes out swinging
|
| Bottom of the 4th over - 2 runs, 2 hits, 1 error, 0 left on base; Kingsport 12 - Washington (APP) 2 |
| TOP OF THE 5TH |
|
Kingsport Mets batting - Pitching for Washington (APP) Nationals : RHP Seth Wright
|
|
Batting: RHB Juan Medina
|
0-0: Called Strike 0-1: Swinging Strike 0-2: Strikes out swinging
|
|
Batting: RHB Dan Muse
|
0-0: Foul Ball, location: 2F 0-1: Ball 1-1: Ball 2-1: SINGLE (Groundball, 6MD, EV 98.8 MPH)
|
|
Batting: SHB Josh Thomson
|
0-0: Fielders Choice at 2nd, 5-4 (Groundball, 56, EV 101.9 MPH)
|
|
Batting: RHB Chris Artz
|
0-0: Swinging Strike 0-1: Fly out, F9 (Line Drive, 89M, EV 106.2 MPH)
|
| Top of the 5th over - 0 runs, 1 hit, 0 errors, 1 left on base; Kingsport 12 - Washington (APP) 2 |
| BOTTOM OF THE 5TH |
|
Washington (APP) Nationals batting - Pitching for Kingsport Mets : RHP Justin Vallis
|
|
Batting: SHB Tim Schulz
|
0-0: Ground out U3 (Groundball, 13, EV 80.6 MPH)
|
|
Batting: RHB Alex Gonzalez
|
0-0: Called Strike 0-1: Ball 1-1: Foul Ball, location: 2F 1-2: Hit by Pitch
|
|
Batting: RHB Ivan Torres
|
0-0: Ball Alex Gonzalez steals 2nd base 1-0: Called Strike 1-1: Foul Ball, location: 2F 1-2: Strikes out looking
|
|
Batting: RHB Billy Williamson
|
0-0: Ball 1-0: Fly out, F8 (Flyball, 8LD, EV 103.1 MPH)
|
| Bottom of the 5th over - 0 runs, 0 hits, 0 errors, 1 left on base; Kingsport 12 - Washington (APP) 2 |
| TOP OF THE 6TH |
|
Kingsport Mets batting - Pitching for Washington (APP) Nationals : RHP Seth Wright
|
|
Batting: RHB Craig Alvarado
|
0-0: Called Strike 0-1: Swinging Strike 0-2: Foul Ball, location: 2F 0-2: Ball 1-2: Strikes out looking
|
|
Batting: LHB Rick Vallis
|
0-0: Foul Ball, location: 2F 0-1: Fly out, F8 (Line Drive, 8LM, EV 96.9 MPH)
|
|
Batting: LHB Randolph Brodbeck
|
0-0: Called Strike 0-1: Swinging Strike 0-2: Strikes out swinging
|
| Top of the 6th over - 0 runs, 0 hits, 0 errors, 0 left on base; Kingsport 12 - Washington (APP) 2 |
| BOTTOM OF THE 6TH |
|
Washington (APP) Nationals batting - Pitching for Kingsport Mets : RHP Justin Vallis
|
|
Batting: RHB Jess Thomas
|
0-0: Ball 1-0: SOLO HOME RUN (Flyball, 89XD, EV 99.4 MPH), Distance : 395 ft
|
|
Batting: LHB Carlos Guadarrama
|
0-0: Ball 1-0: Swinging Strike 1-1: Ground out 6-3 (Groundball, 6, EV 77.5 MPH)
|
|
Batting: RHB Akira Ishihara
|
0-0: Ball 1-0: Fly out, F9 (Flyball, 89XD, EV 91.9 MPH)
|
|
Batting: SHB John Husson
|
0-0: Ground out 4-3 (Groundball, 4, EV 108.8 MPH)
|
| Bottom of the 6th over - 1 run, 1 hit, 0 errors, 0 left on base; Kingsport 12 - Washington (APP) 3 |
| TOP OF THE 7TH |
|
Kingsport Mets batting - Pitching for Washington (APP) Nationals : RHP Seth Wright
|
|
Batting: RHB Warren Carmichael
|
0-0: Ball 1-0: Fly out, F9 (Flyball, 9LS, EV 85.6 MPH)
|
|
Batting: RHB Eric Zylstra
|
0-0: Ball 1-0: Ball 2-0: SOLO HOME RUN (Flyball, 7LD, EV 97.5 MPH), Distance : 397 ft
|
|
Batting: RHB Juan Medina
|
0-0: Called Strike 0-1: Ball 1-1: DOUBLE (Line Drive, 9LD, EV 110.6 MPH)
|
|
Pitching: RHP Faradur Bhutani
|
|
|
Batting: RHB Dan Muse
|
0-0: Ball 1-0: Foul Ball, location: 2F 1-1: Ball 2-1: Ball 3-1: Base on Balls
|
|
Batting: SHB Josh Thomson
|
0-0: Foul Ball, location: 2F 0-1: Ball 1-1: Ball 2-1: Fly out, F7 (Line Drive, 7S, EV 89.4 MPH)
|
|
Batting: RHB Chris Artz
|
0-0: Foul Ball, location: 2F 0-1: Called Strike 0-2: Ball 1-2: Ball 2-2: Foul Ball, location: 2F 2-2: Strikes out swinging
|
| Top of the 7th over - 1 run, 2 hits, 0 errors, 2 left on base; Kingsport 13 - Washington (APP) 3 |
| BOTTOM OF THE 7TH |
|
Washington (APP) Nationals batting - Pitching for Kingsport Mets : RHP Justin Vallis
|
|
Pinch Hitting: LHB Emery Helm
|
0-0: Ball 1-0: Swinging Strike 1-1: Called Strike 1-2: Strikes out swinging, 2-3 out at first.
|
|
Batting: SHB Tim Schulz
|
0-0: Ball 1-0: Foul Ball, location: 2F 1-1: Fly out, F8 (Line Drive, 8RD, EV 96.2 MPH)
|
|
Pinch Hitting: RHB Franklin Ortega
|
0-0: Ball 1-0: Ball 2-0: Ball 3-0: Called Strike 3-1: Foul Ball, location: 2F 3-2: Strikes out swinging
|
| Bottom of the 7th over - 0 runs, 0 hits, 0 errors, 0 left on base; Kingsport 13 - Washington (APP) 3 |
| TOP OF THE 8TH |
|
Kingsport Mets batting - Pitching for Washington (APP) Nationals : RHP Faradur Bhutani
|
|
Now at 2B: Jason Curry
|
|
|
Now in RF: Emery Helm
|
|
|
Batting: RHB Craig Alvarado
|
0-0: Ball 1-0: Called Strike 1-1: Swinging Strike 1-2: Ball 2-2: Foul Ball, location: 2F 2-2: Foul Ball, location: 2F 2-2: Ball 3-2: Base on Balls
|
|
Batting: LHB Rick Vallis
|
0-0: Swinging Strike 0-1: Ball 1-1: Ball 2-1: Called Strike 2-2: Ball 3-2: Base on Balls Craig Alvarado to second
|
|
Batting: LHB Randolph Brodbeck
|
0-0: Fielders Choice at 2nd, 4-6 (Groundball, 4, EV 95.6 MPH) Craig Alvarado to third
|
|
Batting: RHB Warren Carmichael
|
0-0: Ball 1-0: Ball 2-0: DOUBLE (Flyball, 89XD, EV 93.8 MPH) Craig Alvarado scores Randolph Brodbeck to third
|
|
Batting: RHB Eric Zylstra
|
0-0: Swinging Strike 0-1: Swinging Strike 0-2: Ball 1-2: Ball 2-2: Foul Ball, location: 2F 2-2: Fly out, F4 (Popup, 4, EV 61.2 MPH)
|
|
Batting: RHB Juan Medina
|
0-0: DOUBLE (Groundball, 5L, EV 103.1 MPH) Randolph Brodbeck scores Warren Carmichael scores
|
|
Batting: RHB Dan Muse
|
0-0: Swinging Strike 0-1: Swinging Strike 0-2: Strikes out looking
|
| Top of the 8th over - 3 runs, 2 hits, 0 errors, 1 left on base; Kingsport 16 - Washington (APP) 3 |
| BOTTOM OF THE 8TH |
|
Washington (APP) Nationals batting - Pitching for Kingsport Mets : RHP Justin Vallis
|
|
Pitching: LHP Antonio Davila
|
|
|
Batting: RHB Ivan Torres
|
0-0: Ball 1-0: Ball 2-0: Swinging Strike 2-1: Foul Ball, location: 2F 2-2: Foul Ball, location: 2F 2-2: Strikes out swinging
|
|
Batting: RHB Billy Williamson
|
0-0: Fly out, F9 (Flyball, 89M, EV 83.8 MPH)
|
|
Batting: RHB Jess Thomas
|
0-0: Called Strike 0-1: Ball 1-1: Fly out, F8 (Line Drive, 8RM, EV 108.1 MPH)
|
| Bottom of the 8th over - 0 runs, 0 hits, 0 errors, 0 left on base; Kingsport 16 - Washington (APP) 3 |
| TOP OF THE 9TH |
|
Kingsport Mets batting - Pitching for Washington (APP) Nationals : RHP Faradur Bhutani
|
|
Pitching: RHP Kareem Linz
|
|
|
Batting: SHB Josh Thomson
|
0-0: Ball 1-0: Foul Ball, location: 2F 1-1: Ground out U3 (Groundball, 3S, EV 78.8 MPH)
|
|
Batting: RHB Chris Artz
|
0-0: Ball 1-0: Ball 2-0: Called Strike 2-1: Ball 3-1: Base on Balls
|
|
Batting: RHB Craig Alvarado
|
0-0: Ball 1-0: Ball 2-0: Ball 3-0: Base on Balls Chris Artz to second
|
|
Batting: LHB Rick Vallis
|
0-0: Ball 1-0: SINGLE (Line Drive, 8LS, EV 106.2 MPH) Chris Artz to third Craig Alvarado to second Runner from 3rd tries for Home, throw by CF and OUT! 8-2
|
|
Batting: LHB Randolph Brodbeck
|
0-0: Ball 1-0: Foul Ball, location: 2F 1-1: Swinging Strike 1-2: Strikes out swinging
|
| Top of the 9th over - 0 runs, 1 hit, 0 errors, 2 left on base; Kingsport 16 - Washington (APP) 3 |
| BOTTOM OF THE 9TH |
|
Washington (APP) Nationals batting - Pitching for Kingsport Mets : LHP Antonio Davila
|
|
Batting: LHB Carlos Guadarrama
|
0-0: Ball 1-0: Foul Ball, location: 2F 1-1: Ball 2-1: SINGLE (Groundball, 56, EV 102.5 MPH) (infield hit)
|
|
Batting: RHB Akira Ishihara
|
0-0: Called Strike 0-1: Ball 1-1: Ball 2-1: Foul Ball, location: 2F 2-2: Grounds into double play, 4-6-3 (Groundball, 4S, EV 83.1 MPH)
|
|
Pinch Hitting: RHB Ryan Wright
|
0-0: Ball 1-0: Swinging Strike 1-1: Ball 2-1: SINGLE (Groundball, 56D, EV 97.5 MPH)
|
|
Pinch Hitting: RHB Jose Ortiz
|
0-0: Foul Ball, location: 2F 0-1: Fielders Choice at 2nd, 5-4 (Groundball, 56, EV 100.0 MPH)
|
| Bottom of the 9th over - 0 runs, 2 hits, 0 errors, 1 left on base; Kingsport 16 - Washington (APP) 3 |
|